 Dungeon Crawl Stone Soup version 0.29-a0-892-g2c4c91d9db (webtiles) character file.

Game seed: 6634082621895406605

8 Elmgren the Trooper (level 2, 23/27 HPs)
             Began as a Minotaur Fighter on July 22, 2022.
             Quit the game on level 1 of the Dungeon.
             The game lasted 00:13:03 (417 turns).

Elmgren the Trooper (Minotaur Fighter)               Turns: 417, Time: 00:13:04

Health: 23/27      AC:  7    Str: 20    XL:     2   Next: 0%
Magic:  1/1        EV:  9    Int:  5    God:
Gold:   7          SH:  4    Dex:  9    Spells: 1/1 levels left

rFire   . . .      SeeInvis .   a - +0 long sword
rCold   . . .      Faith    .   c - +0 buckler
rNeg    . . .      Spirit   .   b - +0 scale mail
rPois   .          Reflect  .   (helmet restricted)
rElec   .          Harm     .   (no cloak)
rCorr   .          Rampage  .   (no gloves)
Will    .....                   (no boots)
Stlth   ..........              (no amulet)
HPRegen 0.09/turn               (no ring)
MPRegen 0.07/turn               (no ring)

@: no status effects
A: horns 2, retaliatory headbutt
a: no special abilities


You were on level 1 of the Dungeon.
You visited 1 branch of the dungeon, and saw 1 of its levels.

You collected 7 gold pieces.

Inventory:

Hand Weapons
 a - a +0 long sword (weapon)
 h - a +0 club
Armour
 b - a +0 scale mail (worn)
 c - a +0 buckler (worn)
Potions
 d - a potion of might
 e - a potion of invisibility {unknown}
 f - a potion of curing {unknown}


   Skills:
 + Level 4.1 Fighting
 + Level 2.4 Long Blades
 + Level 3.8 Armour
 + Level 3.7 Shields


You had one spell level left.
You didn't know any spells.
Your spell library was empty.

Dungeon Overview and Level Annotations

Branches:
Dungeon (1/15)

Altars:


Innate Abilities, Weirdness & Mutations

You have a pair of horns on your head.
You reflexively headbutt those who attack you in melee.


Message History

Save game and exit? [Y]es or [N]o only, please.
Save game and exit?
Okay, then.
Unknown command.
Unknown command.
Save game and exit? [Y]es or [N]o only, please.
Save game and exit? [Y]es or [N]o only, please.
Save game and exit? [Y]es or [N]o only, please.
Save game and exit? [Y]es or [N]o only, please.
Save game and exit?
Okay, then.
You don't know any spells.
Unknown command.
Unknown command.
You aren't carrying any items that you can evoke.
Your library has no spells.
Unknown command.
No target in view!
Unknown command.
Unknown command.
Number of times to repeat, then command key: You must enter the number of times for the command to repeat.
You see here a hobgoblin corpse.
You see here a ball python corpse.
You see here a dart slug corpse.
Things that are here:
a +0 robe; a +0 robe; a goblin corpse Unknown command.
Unknown command.
f - a yellow potion Unknown command.
There are no items here.
A giant cockroach comes into view.
Unknown command.
Are you sure you want to abandon this character and quit the game? (Confirm with "yes".)

############## .#
............>###.####
###.###.###.........#
#.# #...†.........#
#.# #.##†.........#
#.# #.#†..........#
#.# #.#...........#
#.# #(#[#########...
..# #.........@.#...
###.#######.# .. #.#
.# #.# .# #.# .# #.#
B# #.# .# #.# .# #.#


You could see a giant cockroach.

Vanquished Creatures
  A dart slug (D:1)
  2 hobgoblins (D:1)
  A quokka (D:1)
  A ball python (D:1)
  A goblin (D:1)
6 creatures vanquished.

Notes
Turn   | Place    | Note
-------+----------+-------------------------------------------
     0 | D:1      | Elmgren the Minotaur Fighter began the quest for the Orb.
     0 | D:1      | Reached XP level 1. HP: 19/19 MP: 0/0
   349 | D:1      | Reached skill level 4 in Fighting
   364 | D:1      | Reached XP level 2. HP: 18/27 MP: 1/1
   417 | D:1      | Quit the game

Illustrated notes

Levels and vault maps discovered:
D:1:      tarquinn_simple_flora_water_c, layout_basic, serial_shops,
          nicolae_shop_crystal, minmay_pentomino_t2

Skill      XL: |  1 |
---------------+----+-----
Fighting       | 4 |  4.1
Long Blades    | |  2.4
Armour         | |  3.8
Shields        | |  3.7

Action                   || total
-------------------------++-------
Melee: Long sword        ||    23
       Headbutt          ||     1
Armor: Scale mail        ||     9
Dodge: Dodged            ||     7
Block: Buckler           ||     6

Table legend: (Time is in decaauts)
 A = Elapsed time spent in this place.
 B = Non-inter-level travel time spent in this place.
 C = Inter-level travel time spent in this place.
 D = Time resting spent in this place.
 E = Time spent auto-exploring this place.
 F = Levels seen in this place.
 G = Mean time per level.
                   A        B        C        D        E       F      G
               +--------+--------+--------+--------+--------+-----+--------+
         Total |    424 |    403 |     21 |    200 |     39 |   1 |  424.0 |
       Dungeon |    424 |    403 |     21 |    200 |     39 |   1 |  424.0 |
               +--------+--------+--------+--------+--------+-----+--------+

Top non-repeatable levels by time:
     D:1: 424 daAuts
